 Dungeon Crawl Stone Soup version 0.16.1-18-g436b03c (webtiles) character file.

185003 roverover the Minotaur Blade (level 17, 0/110 HPs)
             Began as a Minotaur Fighter on May 10, 2015.
             Was an Elder of Qazlal.
             Succumbed to a guardian serpent's bolt of poison
             ... on level 3 of the Snake Pit on May 11, 2015.
             The game lasted 02:02:12 (41563 turns).

roverover the Minotaur Blade (Minotaur Fighter)    Turns: 41563, Time: 02:02:12

Health: 0/110      AC: 26    Str: 20    XL:     17   Next: 40%
Magic:  41/41      EV: 13    Int:  9    God:    Qazlal [****..]
Gold:   3214       SH:  5    Dex: 16    Spells: 0 memorised, 16 levels left

rFire  + . .     SeeInvis +     R - +2 triple sword (slice)
rCold  + . .     Clarity  .     o - +2 plate armour {rF+}
rNeg   + . .     SustAb   .     (no shield)
rPois  +         Gourm    .     (helmet unavailable)
rElec  .         Spirit   .     l - +2 cloak
rCorr  .         Warding  +     v - +0 pair of gloves
rMut   .         Rnd*Tele +     t - +1 pair of boots {Fly}
MR     +....                    X - amulet of warding
Stlth  ..........               V - ring of protection from cold
                                S - ring of Rurugy {rPois rC- MP+9 Int+4 SInv Stlth+}

@: lethally poisoned (0 -> -1), exhausted, flying, very slightly contaminated,
slowed, repel missiles, very slow, somewhat resistant to hostile enchantments,
extremely unstealthy
A: retaliatory headbutt, horns 3, cold resistance 1, frail 2, teleportitis 1,
weak 1, wild magic 1
a: Upheaval, Elemental Force, Renounce Religion, Stop Flying
}: 1/15 runes: decaying


You were on level 3 of the Snake Pit.
You worshipped Qazlal.
Qazlal was greatly pleased with you.
You were hungry.

You visited 5 branches of the dungeon, and saw 31 of its levels.
You also visited: Sewer and Ice Cave.

You collected 3623 gold pieces.
You spent 409 gold pieces at shops.

Inventory:

Hand weapons
 a - a +1 long sword of freezing
 R - a +2 triple sword of slicing (weapon)
Missiles
 g - 2 poisoned javelins
 k - 711 stones
 m - 4 javelins (quivered)
 Q - 2 throwing nets
Armour
 l - a +2 cloak (worn)
 o - a +2 plate armour of fire resistance (worn)
 q - a fire dragon hide
 t - a +1 pair of boots of flying (worn)
 v - a +0 pair of gloves (worn)
 U - a +2 plate armour of cold resistance
Jewellery
 D - an uncursed ring of sustain abilities
 E - an uncursed ring of fire
 J - an uncursed ring of teleportation
 S - the ring of Rurugy (left hand) {rPois rC- MP+9 Int+4 SInv Stlth+}
   (You found it in an ice cave)

   [ring of magical power]

   It affects your intelligence (+4).
   It makes you vulnerable to cold.
   It protects you from poison.
   It affects your magic capacity (+9).
   It enhances your eyesight.
   It makes you more stealthy.
 V - a ring of protection from cold (right hand)
 W - an uncursed ring of protection from cold
 X - an amulet of warding (around neck)
Magical devices
 p - a wand of fireball (4)
 s - a wand of enslavement (21)
 C - a wand of digging (13)
 L - a wand of paralysis (20)
 O - a wand of cold (9)
Scrolls
 h - 7 scrolls of remove curse
 n - 3 scrolls of magic mapping
 y - 3 scrolls of fear
 I - 2 scrolls of recharging
 M - a scroll of enchant armour
 P - 4 scrolls of identify
 Y - a scroll of immolation
Potions
 j - 3 potions of restore abilities
 u - 5 potions of cancellation
 x - 2 potions of haste
 z - 2 potions of brilliance
 A - 8 potions of resistance
 F - 2 potions of might
 H - 2 potions of agility
 T - a potion of cure mutation
Miscellaneous
 N - an ornate deck of escape {drawn: 5}
Comestibles
 b - 17 royal jellies
 c - 2 poisonous chunks of flesh
 d - 17 bread rations
 f - 14 slices of pizza
 i - 3 beef jerkies
 r - 7 meat rations
 K - 39 fruits


   Skills:
 - Level 9.3 Fighting
 + Level 21.5 Long Blades
 - Level 14.6 Armour
 - Level 12.5 Dodging
   Level 7.8 Shields
 - Level 16.2 Invocations


You had 16 spell levels left.
You didn't know any spells.

Dungeon Overview and Level Annotations

Branches:
Dungeon (11/15)            Temple (0/1) D:5            Lair (8/8) D:11
  Swamp (5/5) Lair:5        Snake (3/5) Lair:4        Slime (0/6) Lair:7
    Orc (4/4) D:9             Elf (0/3) Orc:3

Altars:
Cheibriados
Dithmenos
Elyvilon
Fedhas
Makhleb
Nemelex Xobeh
Qazlal
Ru
Trog
Vehumet
Yredelemnul
Zin
The Shining One
Jiyva

Shops:
D:9 *   Orc:2 }   Orc:4 ((%(   Snake:1 [[(==

Portals:
Trove: D:10 (give +5 ice dragon armour)

Annotations:
Lair:7 1 runed door
Snake:3 Vashnia


Innate Abilities, Weirdness & Mutations

You reflexively headbutt those who attack you in melee.
You have a pair of large horns on your head.
Your flesh is cold resistant.
You are very frail (-20% HP).
Space occasionally distorts in your vicinity.
You are weak. (Str -2)
Your spells are a little harder to cast, but a little more powerful.


Message History

You are exhausted.
You feel yourself slow down.
* * * LOW HITPOINT WARNING * * *
You feel sick.
Drink which item? (? for menu, Esc to quit)
Okay, then.
Drink which item? (? for menu, Esc to quit)
Okay, then.
Read which item? (? for menu, Esc to quit)
Okay, then.
Evoke which item? (* to show all) (? for menu, Esc to quit)
You draw a card...
It is Solitude.
The air shimmers briefly around you.
Evoke which item? (* to show all) (? for menu, Esc to quit)
You draw a card...
It is the Banshee.
Nothing appears to happen.
You are feeling hungry.
* * * LOW HITPOINT WARNING * * *
You feel sick.
Evoke which item? (* to show all) (? for menu, Esc to quit)
You draw a card...
It is the Banshee.
Nothing appears to happen.
You die...

### ###### #.#####.#..##
#(<[((..#...###
#.(##...#§..§.####
#...##..§[@....[.### ####
#....##.#....###)[.###....
####..#.###.##...........#
####.#.....###......###
#......##.##....##.##
###....#...#.#..#...#
#....#...§.##.#...# #
#....#..##..#..... #
###...#.)..§.###.###


There were no monsters in sight!

Vanquished Creatures
  Frances (Swamp:2)
  A thorn hunter (Swamp:2)
  A frost giant (IceCv)
  2 orc warlords
  Jorgrun (Swamp:2)
  A stone giant (Orc:4)
  8 naga warriors
  5 anacondas
  20 hydras
  3 catoblepae (Lair:8)
  4 ghost crabs
  A centaur warrior (D:10)
  7 alligators
  2 ogre magi (Orc:4)
  23 death yaks
  2 shock serpents (Snake:3)
  An orc high priest (Orc:3)
  3 spriggans
  6 naga sharpshooters (Snake:3)
  Nergalle (Orc:2)
  Erolcha (Orc:1)
  A salamander mystic (Snake:3)
  2 deep trolls (Orc:4)
  3 naga ritualists (Snake:2)
  3 swamp dragons
  A spectral hydra (Swamp:5)
  An ice statue (IceCv)
  3 shambling mangroves
  5 hill giants
  3 mana vipers
  A phantasmal warrior (Swamp:5)
  4 hornets
  An orc knight (Orc:3)
  2 cyclopes (Orc:4)
  17 black mambas
  An oklob plant (Swamp:5)
  A guardian serpent (Snake:3)
  11 elephants
  7 salamanders
  Joseph (Orc:3)
  A gargoyle (D:10)
  A queen ant (Lair:2)
  5 naga magi
  Psyche (Orc:1)
  5 swamp worm zombies (Swamp:5)
  4 fire drakes
  18 spiny frogs
  9 komodo dragons
  8 giant leeches
  7 trolls (Orc:4)
  9 two-headed ogres
  A queen bee (Lair:7)
  2 hydra zombies (Swamp:5)
  A boulder beetle (Lair:8)
  6 slime creatures
  15 polar bears
  Prince Ribbit (Orc:1)
  7 bog bodies
  A wandering mushroom (Lair:5)
  2 alligator zombies (Swamp:5)
  14 blink frogs
  3 spectral swamp dragons (Swamp:5)
  5 ravens
  A shadow (D:11)
  3 baby alligators (Swamp:3)
  3 basilisks
  2 hogs (D:9)
  2 deep elf magi
  14 hippogriffs
  A human (D:9)
  22 vampire mosquitoes
  Eustachio (D:5)
  A wraith (D:11)
  90 yaks
  Grum (D:10)
  A steam dragon (D:10)
  26 wolves
  16 soldier ants
  17 insubstantial wisps
  4 wargs
  26 nagas
  25 swamp worms
  24 orc warriors
  13 porcupines
  21 water moccasins
  10 swamp drakes
  2 black bears
  9 phantoms
  3 sky beasts
  6 ice beasts
  5 swamp dragon zombies (Swamp:5)
  3 wasps
  28 ogres
  The ghost of g1smo the Chopper, an average DsAK of Lugonu (D:4)
  6 centaurs
  2 boring beetles
  Sigmund (D:3)
  14 crocodiles
  13 giant frogs
  The ghost of EmilioHeskey the Ducker, an average SpAK of Lugonu (D:3)
  3 wights (D:7)
  43 killer bees
  4 scorpions
  3 electric eels
  7 jellies
  2 crimson imps
  A quasit (D:10)
  6 goliath beetles
  12 orc priests
  12 hounds
  3 giant frog zombies (D:10)
  3 centaur zombies
  22 orc wizards
  Crazy Yiuf (D:3)
  8 iguanas
  3 giant frog skeletons
  2 spectral swamp drakes (Swamp:5)
  44 worker ants
  2 spectral orcs (Orc:2)
  5 hell rats (Lair:6)
  23 sheep
  A killer bee zombie (D:8)
  A mummy (D:8)
  A hound skeleton (D:4)
  2 worker ant zombies
  Robin (D:3)
  61 river rats
  34 adders
  4 gnolls (D:2)
  3 swamp drake zombies (Swamp:5)
  12 white imps (Lair:8)
  13 giant mites
  A shadow imp (D:9)
  A worm (D:2)
  2 adder zombies
  8 oozes
  162 orcs
  11 ball pythons
  2 bat skeletons
  18 giant cockroaches
  24 hobgoblins
  14 quokkas
  29 bats
  16 giant geckos
  2 giant gecko skeletons (D:4)
  15 giant newts
  29 goblins
  16 jackals
  19 kobolds
  A quokka zombie (D:7)
  12 rats
  A bush (Lair:8)
  64 fungi
  72 plants
1567 creatures vanquished.

Vanquished Creatures (collateral kills)
  Aizul (Swamp:1)
1 creature vanquished.

Vanquished Creatures (others)
  A polar bear (IceCv)
  A yak (IceCv)
  A wolf (IceCv)
  An insubstantial wisp (Swamp:5)
  A swamp worm (Swamp:5)
  A sheep (Lair:7)
  2 orcs
  A hobgoblin (D:4)
  10 fungi
  6 plants
25 creatures vanquished.

Grand Total: 1593 creatures vanquished

Notes
Turn   | Place    | Note
--------------------------------------------------------------
     0 | D:1      | roverover, the Minotaur Fighter, began the quest for the Orb.
     0 | D:1      | Reached XP level 1. HP: 19/19 MP: 1/1
   111 | D:1      | Reached XP level 2. HP: 24/26 MP: 1/1
   467 | D:1      | Reached skill level 4 in Long Blades
   915 | D:2      | Reached XP level 3. HP: 31/31 MP: 2/2
  1108 | D:2      | Reached skill level 5 in Long Blades
  1272 | D:2      | Reached XP level 4. HP: 30/39 MP: 2/2
  1910 | D:2      | Reached skill level 6 in Long Blades
  1994 | D:3      | Noticed Sigmund
  2395 | D:2      | Reached XP level 5. HP: 32/45 MP: 2/2
  2419 | D:3      | Noticed a sky beast
  2471 | D:3      | Reached skill level 7 in Long Blades
  2610 | D:2      | Killed a sky beast
  2610 | D:2      | Reached XP level 6. HP: 32/51 MP: 3/3
  2782 | D:3      | Noticed EmilioHeskey's ghost (average SpAK)
  2794 | D:4      | Noticed g1smo's ghost (average DsAK)
  2799 | D:4      | Reached skill level 8 in Long Blades
  2810 | D:3      | Killed EmilioHeskey's ghost
  2814 | D:3      | Killed Sigmund
  2814 | D:3      | Reached skill level 9 in Long Blades
  3095 | D:3      | Gained mutation: Your spells are a little harder to cast, but a little more powerful. [potion of mutation]
  3095 | D:3      | Gained mutation: You have a pair of large horns on your head. [potion of mutation]
  3095 | D:3      | Gained mutation: You are frail (-10% HP). [potion of mutation]
  3104 | D:3      | Reached XP level 7. HP: 47/51 MP: 3/3
  3328 | D:3      | Noticed Robin
  3333 | D:3      | Killed Robin
  3536 | D:3      | Found a blossoming altar of Fedhas.
  3539 | D:3      | Found a stormy altar of Qazlal.
  3612 | D:3      | Became a worshipper of Qazlal Stormbringer
  3691 | D:3      | Noticed Crazy Yiuf
  3701 | D:3      | Killed Crazy Yiuf
  3920 | D:4      | Reached skill level 10 in Long Blades
  4037 | D:4      | Acquired Qazlal's first power
  4233 | D:4      | Killed g1smo's ghost
  4337 | D:4      | Found a sacrificial altar of Ru.
  4707 | D:5      | Entered Level 5 of the Dungeon
  4722 | D:5      | Reached skill level 1 in Invocations
  4752 | D:5      | Reached skill level 5 in Armour
  4768 | D:5      | Reached skill level 5 in Fighting
  4768 | D:5      | Reached XP level 8. HP: 42/61 MP: 4/4
  4802 | D:5      | Found a staircase to the Ecumenical Temple.
  5009 | D:5      | Found a bloodstained altar of Trog.
  5116 | D:5      | Noticed Eustachio
  5128 | D:5      | Killed Eustachio
  5177 | D:6      | Acquired Qazlal's second power
  5483 | D:6      | Found a white marble altar of Elyvilon.
  5653 | D:6      | Found a glowing drain.
  5666 | Sewer    | Entered a sewer
  5824 | Sewer    | Acquired Qazlal's third power
  5936 | Sewer    | Reached skill level 1 in Dodging
  6122 | D:6      | Reached XP level 9. HP: 70/70 MP: 11/11
  6216 | D:6      | Found a radiant altar of Vehumet.
  6490 | D:7      | Reached skill level 5 in Invocations
  6702 | D:7      | Gained mutation: Space occasionally distorts in your vicinity. [potion of mutation]
  6702 | D:7      | Gained mutation: You are weak. (Str -2) [potion of mutation]
  6702 | D:7      | Gained mutation: You are very frail (-20% HP). [potion of mutation]
  6825 | D:7      | Acquired Qazlal's fourth power
  7383 | D:8      | Found a snail-covered altar of Cheibriados.
  7494 | D:8      | Found a burning altar of Makhleb.
  7542 | D:8      | Found a shadowy altar of Dithmenos.
  7551 | D:8      | Noticed a cacodemon
  7552 | D:8      | Found a glowing silver altar of Zin.
  7553 | D:8      | Noticed an angel
  7793 | D:8      | Found a glowing golden altar of the Shining One.
  7793 | D:8      | Found a sparkling altar of Nemelex Xobeh.
  8218 | D:9      | Found Chont's Assorted Antiques.
  8231 | D:9      | Bought a pair of boots for 126 gold pieces
  8231 | D:9      | Bought a scroll labeled GYATZO VOYTI for 28 gold pieces
  8245 | D:9      | Reached skill level 11 in Long Blades
  8245 | D:9      | Reached XP level 10. HP: 34/68 MP: 16/16
  8256 | D:9      | Acquired Qazlal's fifth power
  8492 | D:9      | Found a basalt altar of Yredelemnul.
  8890 | D:9      | Found a staircase to the Orcish Mines.
  9237 | D:9      | Gained mutation: Your flesh is cold resistant. [mutagenic meat]
  9238 | D:9      | Gained mutation: You are very weak. (Str -4) [mutagenic meat]
  9317 | D:10     | Entered Level 10 of the Dungeon
  9361 | D:10     | Noticed Grum
  9385 | D:10     | Reached skill level 5 in Dodging
  9399 | D:10     | Killed Grum
  9600 | D:10     | Reached skill level 12 in Long Blades
 10255 | D:10     | Found a portal to a secret trove of treasure.
 10503 | D:10     | Reached XP level 11. HP: 53/76 MP: 18/18
 10725 | D:10     | Reached skill level 13 in Long Blades
 10778 | D:10     | Noticed a centaur warrior
 10789 | D:10     | Killed a centaur warrior
 10832 | D:10     | Noticed a hill giant
 10845 | D:10     | Killed a hill giant
 11221 | D:11     | Reached skill level 14 in Long Blades
 11234 | D:11     | Found a staircase to the Lair.
 11253 | Lair:1   | Entered Level 1 of the Lair of Beasts
 11694 | D:11     | Noticed a hill giant
 11698 | D:11     | Killed a hill giant
 11698 | D:11     | Reached skill level 15 in Long Blades
 11897 | Lair:1   | Lost mutation: You are very weak. (Str -4) [potion of beneficial mutation]
 12489 | Lair:1   | Found a sacrificial altar of Ru.
 12923 | Lair:2   | Noticed a seven-headed hydra
 12928 | Lair:1   | Reached skill level 16 in Long Blades
 12995 | Lair:1   | Reached XP level 12. HP: 26/82 MP: 10/20
 14259 | Lair:2   | Killed a seven-headed hydra
 14259 | Lair:2   | Reached skill level 10 in Armour
 14273 | Lair:2   | Reached skill level 10 in Invocations
 15164 | Lair:3   | Noticed a four-headed hydra
 15178 | Lair:3   | Killed a four-headed hydra
 15467 | Lair:3   | Noticed a five-headed hydra
 15480 | Lair:3   | Killed a five-headed hydra
 16016 | Lair:4   | Got a faintly glowing leather armour
 16112 | Lair:4   | Reached XP level 13. HP: 78/86 MP: 24/24
 16260 | Lair:4   | Found a staircase to the Snake Pit.
 17222 | Lair:5   | Identified the +3 leather armour of Autumn {MR++ Int+2} (You found it on level 4 of the Lair of Beasts)
 17345 | Lair:5   | Found a staircase to the Swamp.
 18141 | Lair:6   | Found a staircase to the Slime Pits.
 18145 | Lair:6   | Found a viscous altar of Jiyva.
 19306 | Lair:7   | Reached skill level 5 in Shields
 19412 | Lair:7   | Found a runed door.
 19412 | Lair:7   | Found a viscous altar of Jiyva.
 19412 | Lair:7   | Noticed an azure jelly
 19413 | Lair:7   | Found a staircase to the Slime Pits.
 19911 | Lair:8   | Entered Level 8 of the Lair of Beasts
 19918 | Lair:8   | Reached XP level 14. HP: 92/92 MP: 19/27
 19986 | Lair:8   | Reached skill level 10 in Dodging
 20070 | Lair:8   | Found a frozen archway.
 20080 | IceCv    | Entered an ice cave
 20404 | IceCv    | Got a faintly glowing longbow
 20405 | IceCv    | Identified the +6 longbow of Honesty {venom, rC+} (You found it in an ice cave)
 21180 | IceCv    | Noticed a frost giant
 21193 | IceCv    | Killed a frost giant
 21218 | IceCv    | Got a heavily runed silver ring
 21237 | IceCv    | Identified the ring of Rurugy {rPois rC- MP+9 Int+4 SInv Stlth+} (You found it in an ice cave)
 22517 | Lair:8   | Identified a scroll of acquirement
 22809 | Lair:8   | Reached XP level 15. HP: 20/97 MP: 29/29
 24088 | Orc:1    | Entered Level 1 of the Orcish Mines
 24096 | Orc:1    | Noticed Prince Ribbit
 24097 | Orc:1    | Noticed Erolcha
 24105 | Orc:1    | Killed Erolcha
 24105 | Orc:1    | Reached skill level 15 in Invocations
 24110 | Orc:1    | Killed Prince Ribbit
 24159 | Orc:1    | Noticed Psyche
 24165 | Orc:1    | Killed Psyche
 24326 | Orc:2    | Noticed Nergalle
 24339 | Orc:2    | Killed Nergalle
 24754 | Orc:2    | Found Galum's Quality Used Wands.
 25042 | Orc:3    | Noticed Joseph
 25048 | Orc:3    | Killed Joseph
 25597 | Orc:3    | Found a staircase to the Elven Halls.
 25857 | Orc:4    | Entered Level 4 of the Orcish Mines
 26495 | Orc:4    | Reached skill level 17 in Long Blades
 26538 | Orc:4    | Paralysed by an ogre mage for 4 turns
 26759 | Orc:4    | Found Hiliozuw's Weapon Boutique.
 26760 | Orc:4    | Found Twonab's Food Shop.
 26767 | Orc:4    | Found Zuibufah's Antique Weapon Emporium.
 26775 | Orc:4    | Found Gaoll's Weapon Shop.
 27391 | Swamp:1  | Entered Level 1 of the Swamp
 27760 | Swamp:1  | Noticed Aizul
 27769 | Swamp:1  | Killed Aizul
 29346 | Swamp:2  | Noticed Jorgrun
 29351 | Swamp:2  | Killed Jorgrun
 29378 | Swamp:2  | Noticed a thorn hunter
 29388 | Swamp:2  | Killed a thorn hunter
 29562 | Swamp:2  | Reached XP level 16. HP: 99/103 MP: 31/31
 29646 | Swamp:2  | Noticed Frances
 29660 | Swamp:2  | Killed Frances
 31417 | Swamp:3  | Reached skill level 18 in Long Blades
 32972 | Swamp:3  | Got a brightly glowing ring mail
 32983 | Swamp:3  | Identified the +4 ring mail of the Worm {rCorr} (You found it on level 3 of the Swamp)
 34366 | Swamp:5  | Entered Level 5 of the Swamp
 34937 | Swamp:5  | Reached skill level 19 in Long Blades
 36114 | Swamp:5  | Noticed a bone dragon
 36995 | Swamp:5  | Got a decaying rune of Zot
 37324 | Snake:1  | Entered Level 1 of the Snake Pit
 37378 | Snake:1  | Found Dalafuharo's Armour Emporium.
 37432 | Snake:1  | Found Pruruuch's Jewellery Shop.
 37447 | Snake:1  | Bought an uncursed amulet of warding for 255 gold pieces
 37539 | Snake:1  | Found Olierph's Weapon Shoppe.
 37563 | Snake:1  | Found Uhuuverph's Jewellery Emporium.
 37983 | Snake:1  | Found Psomubib's Armour Emporium.
 38298 | Snake:2  | Reached skill level 20 in Long Blades
 38855 | Snake:2  | Reached XP level 17. HP: 103/110 MP: 32/32
 40211 | Snake:3  | Reached skill level 21 in Long Blades
 40517 | Snake:3  | Noticed Vashnia
 40663 | Snake:3  | HP: 4/110 [Vashnia/bolt (4)]
 41552 | Snake:3  | HP: 4/110 [guardian serpent/bolt of poison (7)]
 41558 | Snake:3  | HP: 2/165 [poisoned by a guardian serpent (bolt of poison)]
 41563 | Snake:3  | Succumbed to a guardian serpent's bolt of poison

Action                   |  1- 3 |  4- 6 |  7- 9 | 10-12 | 13-15 | 16-18 || total
-------------------------+-------+-------+-------+-------+-------+-------++-------
Melee: Long sword        |   102 |   123 |   670 |   834 |   965 |       ||  2694
       Spear             |       |    23 |       |       |       |       ||    23
       Triple sword      |       |       |       |       |   536 |   819 ||  1355
Throw: Javelin           |       |       |       |    14 |     8 |       ||    22
Invok: Upheaval          |       |       |     1 |    17 |    37 |    18 ||    73
       Disaster Area     |       |       |       |     1 |     1 |       ||     2
       Elemental Force   |       |       |       |       |     1 |       ||     1
 Abil: Evoke Flight      |       |       |       |       |       |     3 ||     3
Evoke: Deck              |       |       |       |       |     2 |     3 ||     5
  Use: Scroll            |       |     7 |     8 |     8 |    14 |    13 ||    50
       Potion            |       |     4 |     2 |     4 |     3 |    13 ||    26
 Stab: Petrified         |       |       |       |       |     4 |       ||     4
       Fleeing           |       |       |       |       |     1 |       ||     1
       Petrifying        |       |       |       |       |     1 |       ||     1
       Confused          |       |       |       |       |       |     1 ||     1
  Eat: Chunk             |     1 |     6 |    18 |    28 |    52 |    29 ||   134
       Beef jerky        |       |       |       |       |       |     2 ||     2
